 Dungeon Crawl Stone Soup version 0.31.0-12-g77e489cdc1 (webtiles) character file.

Game seed: 12583735755019647218

41 Killerpretzel the Changeling (level 3, -4/23 HPs)
             Began as an Octopode Shapeshifter on Mar 2, 2024.
             Slain by Sigmund
             ... wielding a +0 scythe
              (12 damage)
             ... on level 2 of the Dungeon.
             The game lasted 00:00:58 (1132 turns).

Killerpretzel the Changeling (OpSh)                 Turns: 1132, Time: 00:00:59

Health: -4/23      AC:  1    Str: 13    XL:     3   Next: 52%
Magic:  3/3        EV: 13    Int: 12    God:
Gold:   56         SH:  0    Dex: 13    Spells: 2/2 levels left

rFire   . .          .
                       - Unarmed
rCold   . . .        (no shield)
rNeg    . . .        (helmet currently unavailable)
rPois   .            (no amulet)
rElec   .            (no ring)
rCorr   .            (no ring)
SInv    .            (no ring)
Will    .....        (no ring)
Stlth   ++           (no ring)
HPRegen 0.23/turn    (no ring)
MPRegen 0.08/turn    (no ring)
                     (no ring)

%: no passive effects
@: beast-form
A: beast (slay +2), almost no armour, amphibious, 8 rings, camouflage 1,
gelatinous body 1, (nimble swimmer 1), tentacles
a: Begin Untransformation


You were on level 2 of the Dungeon.
You were a hulking beast.
You visited 1 branch of the dungeon, and saw 2 of its levels.

You collected 56 gold pieces.

Inventory:

Talismans
 b - a beast talisman
 c - a flux talisman
Potions
 a - a potion of lignification
 e - a potion of heal wounds {unknown}
 h - a potion of berserk rage {unknown}
 i - a potion of haste {unknown}


   Skills:
 + Level 1.6 Fighting
 + Level 2.4 Dodging
 + Level 3.3 Unarmed Combat
 * Level 3.5 Shapeshifting


You had 2 spell levels left.
You didn't know any spells.
Your spell library was empty.

Dungeon Overview and Level Annotations

Branches:
Dungeon (2/15)

Altars:

Annotations:
D:2 Jessica, Natasha, Sigmund


Innate Abilities, Weirdness & Mutations

You are a hulking beast.
Your limbs bulge with bestial killing power. (Slay +2)
You cannot wear most types of armour.
You are amphibious.
You can wear up to eight rings at the same time.
Your skin changes colour to match your surroundings (Stealth+).
Your rubbery body absorbs attacks. (AC +1, EV +1)
((You are camouflaged when in or above water. (Stealth+)))
You have tentacles for arms and can constrict up to eight enemies at once.


Message History

You tentacle-slap the adder. You grab the adder.
The adder is almost dead.
You constrict the adder, but do no damage.
You feel sick. The adder bites you.
You tentacle-slap the adder.
You kill the adder!
You feel sick.
You are too injured to fight recklessly!
You are too injured to fight recklessly!
You are too injured to fight recklessly!
You are too injured to fight recklessly!
You are too injured to fight recklessly!
You are too injured to fight recklessly!
You are too injured to fight recklessly!
You are too injured to fight recklessly!
You are too injured to fight recklessly!
You are too injured to fight recklessly!
You feel sick.
You feel sick.
You feel sick.
You feel sick.
You feel sick.
You are no longer poisoned.
Sigmund is nearby!
You are too injured to fight recklessly!
You are too injured to fight recklessly!
You are too injured to fight recklessly!
You are too injured to fight recklessly!
You are too injured to fight recklessly!
You are too injured to fight recklessly!
You are too injured to fight recklessly!
You are too injured to fight recklessly!
You are too injured to fight recklessly!
You are too injured to fight recklessly!
Sigmund is nearby!
Sigmund hits you from afar with a +0 scythe.
Sigmund hits you with a +0 scythe!
Ouch! That really hurt!
You die...
Sigmund begins carving another notch in his scythe.

.. . .#######
.......#
#......#
#......#
#@.....# ####
#h.....# ...##
#...(..#
#...###......#
#...........#
####......†....#
........####.###
.###....# .#
#....## .#
####.†###.#


You could see Sigmund.

Vanquished Creatures
  An adder (D:2)
  2 dart slugs (D:1)
  An endoplasm (D:1)
  2 hobgoblins (D:1)
  3 jackals (D:1)
  A quokka (D:1)
  2 ball pythons (D:1)
  5 bats (D:1)
  3 frilled lizards
  2 goblins (D:1)
  3 kobolds (D:1)
  3 rats (D:1)
28 creatures vanquished.

Notes
Turn   | Place    | Note
-------+----------+-------------------------------------------
     0 | D:1      | Killerpretzel the Octopode Shapeshifter began the quest for
                  | the Orb.
     0 | D:1      | Reached XP level 1. HP: 13/13 MP: 1/1
    61 | D:1      | Reached XP level 2. HP: 18/18 MP: 2/2
   881 | D:2      | Noticed Jessica
   884 | D:2      | Noticed Natasha
   885 | D:2      | Noticed Sigmund
   893 | D:1      | Reached XP level 3. HP: 1/23 MP: 3/3
   893 | D:1      | HP: 1/23 [bat (1)]
  1132 | D:2      | Slain by Sigmund

Illustrated notes

Levels and vault maps discovered:
D:1:      wander_arrival_chamber, layout_loops_ring, serial_bayou,
          serial_bayou_pond_b, serial_bayou_crossing, serial_bayou_pond_d,
          serial_bayou_pond_e, serial_bayou_pond_e, serial_bayou_pond_a,
          minmay_heptomino_l4
D:2:      layout_rooms, basic_altar, minivault_4, minmay_lizard_king,
          uniq_sigmund, uniq_natasha, uniq_jessica

Action                     || total
---------------------------++-------
  Melee: Unarmed           ||    53
         Tentacles         ||     9
         Constrict         ||    17
         Punch             ||     2
    Use: Scroll            ||     4
   Stab: Sleeping          ||     2
 Armour: Skin              ||    36
  Dodge: Dodged            ||    58
